Map: Battle on the Boardwalk LE

Players

Juxtapose

  • Race: Terran Terran
  • League: Gold
  • Spawn Location: 11:00

MindPunish - Winner!

  • Race: Zerg Zerg
  • League: Silver
  • Spawn Location: 1:00

VOD

https://youtu.be/hG2DrEviVzo

Description

I'm very disappointed in myself this match. I've been having excellent success as Terran in the other match ups rushing with Marines and Cyclones, but against Zerg who tend to go Zerglings and Banelings I wanted to try swapping the Cyclones with Hellions.

Well, that doesn't do so well versus Spine Crawlers _and_ on this map I have yet to properly configure a wall-in.

Next time I'll go with a Tech Lab on my Factory and start getting a few Siege Tanks, maybe two, and then rushing.

Time

  • Played on: Dec. 23, 2017, 3:30 p.m.
  • Length: 10:27
Show
View Real Time Build Order
Export as new Build Order

Juxtapose Terran 

Build Orders:  

Get SALT Encoding   

  12  0:01  SCV  
  13  0:13  SCV  
  14  0:21  Supply Depot  
  14  0:25  SCV  
  15  0:42  SCV  
  16  0:47  Barracks  
  16  0:49  Supply Depot  
  16  0:54  SCV  
  17  1:02  Refinery  
  17  1:07  SCV  
  18  1:15  Refinery  
  18  1:19  SCV  
  19  1:34  Orbital Command  
  19  1:45  Barracks Reactor  
  19  2:00  SCV  
  20  2:09  Factory  
  20  2:12  SCV  
  21  2:21  Marine x2  
  23  2:24  SCV  
  24  2:38  Bunker  
  24  2:39  SCV  
  24  2:43  Engineering Bay  
  25  2:44  Marine x2  
  27  2:51  SCV  
  27  2:52  Factory Reactor  
  28  3:02  Marine x2  
  30  3:17  Missile Turret  
  30  3:20  Marine  
  30  3:26  Supply Depot  
  31  3:32  Supply Depot  
  31  3:36  Starport  
  31  3:48  Marine, Hellion x2, Supply Depot  
  36  3:53  Marine  
  36  3:55  Supply Depot  
  37  4:05  Marine  
  37  4:08  Terran Infantry Weapons Level 1  
  42  4:10  Hellion x2  
  42  4:11  Marine  
  43  4:22  Starport Reactor  
  43  4:23  Marine  
  44  4:29  Marine  
  44  4:31  Hellion x2  
  49  4:52  Command Center  
  49  5:03  Marine x2  
  49  5:05  Hellion  
  53  5:23  Medivac x2  
  53  5:26  Hellion x2  
  61  5:48  Marine x2  
  63  5:54  Barracks  
  63  6:06  Orbital Command  
  63  6:10  SCV  
  64  6:23  SCV  
  62  6:31  Marine x2  
  64  6:33  Medivac, Hellion x2  
  64  6:34  Medivac  
  64  6:35  SCV  
  73  6:44  SCV  
  72  6:47  SCV  
  72  6:48  Marine  
  72  6:55  Marine  
  76  7:06  Marine, Cyclone  
  57  7:16  Cyclone  
  44  7:28  Orbital Command  
  41  7:56  SCV x2  
  32  8:08  SCV x2  
  32  8:09  Barracks Reactor  
  32  8:10  Barracks Tech Lab  
  34  8:14  Factory Tech Lab  
  31  8:32  Medivac x2  
  33  8:42  Marauder  
  33  8:45  SCV  
  29  8:49  Cyclone  
  26  8:57  SCV  
  25  9:03  Marauder  
  21  9:16  Marine  
  22  9:21  Cyclone  
  25  9:25  Marauder  
  25  9:26  SCV  
  25  9:33  Marine  
  25  9:38  SCV  
  23  9:50  SCV  
  23  9:51  Marine  
  26  9:54  SCV  
  23  10:02  SCV  
Show
View Real Time Build Order
Export as new Build Order

MindPunish Zerg - Winner!

Build Orders: Hatch First 

Get SALT Encoding   

  12  0:02  Drone  
  13  0:10  Drone  
  14  0:17  Drone, Extractor  
  15  0:22  Overlord  
  15  0:41  Drone x2  
  17  0:46  Drone  
  18  0:56  Drone  
  19  1:06  Drone  
  19  1:07  Hatchery  
  19  1:18  Drone  
  20  1:20  Spawning Pool  
  20  1:24  Extractor  
  18  1:29  Drone  
  19  1:39  Drone  
  20  1:52  Drone  
  20  1:53  Evolution Chamber  
  20  2:08  Hatchery  
  19  2:09  Drone  
  19  2:11  Drone  
  21  2:20  Queen  
  21  2:21  Queen  
  25  2:27  Drone  
  26  2:37  Drone  
  26  2:38  Drone  
  26  2:43  Metabolic Boost  
  28  2:51  Overlord x2  
  28  3:11  Drone x3  
  28  3:12  Drone x2  
  33  3:23  Spine Crawler  
  33  3:27  Drone x4  
  36  3:36  Extractor  
  36  3:38  Zerg Ground Armor Level 1  
  35  3:43  Zergling x2  
  35  3:44  Zergling x6  
  39  3:52  Spine Crawler  
  38  3:57  Drone  
  38  3:58  Drone x4  
  38  3:59  Drone  
  44  4:17  Zergling x4  
  44  4:18  Zergling x2  
  44  4:19  Zergling x2  
  44  4:20  Zergling x4  
  44  4:22  Overlord x2  
  50  4:39  Queen  
  51  4:46  Spine Crawler  
  51  4:47  Spine Crawler  
  49  5:04  Roach Warren, Lair  
  49  5:07  Zergling x18  
  49  5:08  Zergling x4  
  59  5:22  Drone x5  
  64  5:36  Drone  
  64  5:37  Drone  
  66  5:51  Extractor  
  66  5:52  Extractor  
  66  5:55  Drone x2  
  66  5:56  Extractor x2  
  64  5:57  Overlord x2  
  64  5:58  Overlord x4  
  64  6:06  Drone x2  
  65  6:16  Spine Crawler  
  64  6:34  Roach  
  64  6:35  Roach x8  
  64  6:36  Roach x2  
  88  6:51  Roach x3  
  82  7:01  Roach  
  82  7:02  Roach  
  82  7:17  Roach x3  
  88  7:24  Drone  
  79  7:52  Roach  
  79  7:53  Roach x7  
  89  8:12  Spire  
  88  8:15  Hatchery  
  88  8:19  Drone x5  
  90  8:47  Drone  
  90  8:48  Drone x5  
  86  9:21  Drone  
  86  9:22  Drone x5  
  88  9:44  Mutalisk  
  88  9:45  Mutalisk x7  
  104  10:10  Hatchery  
Tags
 
Add a new tag
Caveats
  • Supply blocks, unpowered buildings, or Contaminate may cause inaccurate times.
  • Supply counts are checked every 10 seconds.